AoeStats
← AgentOrange

Hill Fort

505530524Analyzed
3v3 RM · 23d ago on Sep 9, 2026· 42m 51s· 6 players
Game mode
Random Map
Map size
Normal (6 player)
Population
200
Speed
Normal
Resources
Standard
Victory
Conquest
Starting age
Dark Age
Ending age
Imperial Age
RankedLock teamsTeams togetherTeam positionsShared explorationLock speedFull tech treeHidden civsTurbo modeCheats
Victory
Defeat
🇺🇸 Portuguese · United States
1015
+15
🇷🇺 Franks · Russia
986
+16
🇳🇿 Poles · New Zealand
982
+16
🇻🇪 Khmer · Venezuela
1033
-18
🇻🇪 Bulgarians · Venezuela
971
-15
🇻🇪 Magyars · Venezuela
943
-14
SuitAlarm
7:26 Loom
9:40 Feudal Age
19:24 Castle Age
19:23 Bloodlines
19:52 Double-Bit Axe
23:24 Forging
23:20 Scale Barding Armor
28:55 Imperial Age
27:43 Horse Collar
28:24 Bow Saw
28:18 Pikeman
29:41 Forging
30:07 Scale Barding Armor
32:58 Chain Barding Armor
33:29 Cavalier
34:13 Husbandry
35:50 Iron Casting
37:20 Plate Barding Armor
37:46 Blast Furnace
38:31 Scale Mail Armor
41:32 Chain Mail Armor
Pixipie3
7:07 Loom
10:15 Feudal Age
20:03 Castle Age
18:44 Double-Bit Axe
19:30 Bloodlines
20:32 Forging
22:31 Scale Barding Armor
23:48 Gold Mining
23:45 Horse Collar
26:30 Husbandry
27:39 Wheelbarrow
29:31 Iron Casting
29:17 Chain Barding Armor
31:36 Scale Mail Armor
31:59 Pikeman
32:39 Gambesons
36:25 Squires
39:26 Imperial Age
37:10 Arson
38:10 Hand Cart
42:54 Chain Mail Armor
43:39 Blast Furnace
JoseH
13:00 Feudal Age
11:16 Loom
13:52 Gold Mining
13:50 Double-Bit Axe
26:05 Castle Age
25:28 Scale Barding Armor
27:26 Bow Saw
28:11 Bloodlines
33:25 Chain Barding Armor
34:05 Wheelbarrow
35:39 Gold Shaft Mining
37:43 Imperial Age
36:56 Thumb Ring
38:36 Corvinian Army
38:34 Cavalier
39:15 Husbandry
40:49 Pikeman
41:47 Halberdier
shortsnorter
8:33 Loom
10:48 Feudal Age
15:42 Castle Age
13:56 Double-Bit Axe
14:30 Horse Collar
21:09 Bow Saw
21:03 Heavy Plow
25:00 Wheelbarrow
29:11 Pikeman
32:53 Imperial Age
32:06 Fletching
32:45 Bodkin Arrow
34:43 Chemistry
33:39 Murder Holes
34:25 Hand Cart
33:57 Town Watch
35:26 Elite Organ Gun
38:03 Two-Man Saw
37:23 Arquebus
38:06 Stone Mining
38:07 Gold Mining
38:23 Bracer
40:06 Town Patrol
39:59 Halberdier
Ray
3:49 Loom
10:16 Feudal Age
15:48 Forging
16:07 Double-Bit Axe
17:11 Scale Barding Armor
18:17 Gold Mining
18:20 Stone Mining
19:50 Wheelbarrow
24:40 Castle Age
24:57 Town Watch
27:45 Iron Casting
28:49 Husbandry
39:38 Bow Saw
40:04 Gold Shaft Mining
41:32 #83
45:11 Imperial Age
AgentOrange
5:22 Loom
6:40 Loom
9:14 Feudal Age
15:10 Castle Age
14:24 Double-Bit Axe
14:21 Horse Collar
18:43 Heavy Plow
18:56 Bow Saw
20:30 Wheelbarrow
21:52 Hand Cart
25:13 Loom
25:46 Town Watch
29:15 Imperial Age
28:59 Fletching
29:24 Stone Mining
29:26 Gold Mining
28:59 Pikeman
31:23 Conscription
31:12 Szlachta Privileges
31:51 Scale Barding Armor
31:57 Forging
31:22 Cavalier
32:14 Bloodlines
32:04 Husbandry
32:21 Treadmill Crane
32:52 Masonry
33:31 Chain Barding Armor
33:47 Iron Casting
34:53 Light Cavalry
39:11 Crop Rotation
40:33 Blast Furnace
41:48 Winged Hussar
43:31 Fortified Wall
43:17 Murder Holes
Connection lost

Rejoining the realm…

Still unreachable

The connection could not be restored.

Session expired

The server has moved on; the page needs a fresh start.